 Dungeon Crawl Stone Soup version 0.29.1-2-gbd0b4ee654 (webtiles) character file.

Game seed: 15794225240005971719

91 Sabo the Shield-Bearer (level 4, -3/44 HPs)
             Began as a Troll Fighter on Oct 31, 2022.
             Was a Follower of Okawaru.
             Slain by an iguana (11 damage)
             ... on level 3 of the Dungeon.
             The game lasted 00:07:37 (1352 turns).

Sabo the Shield-Bearer (Troll Fighter)              Turns: 1352, Time: 00:07:38

Health: -3/44      AC:  4    Str: 26    XL:     4   Next: 33%
Magic:  3/3        EV:  9    Int:  4    God:    Okawaru [*.....]
Gold:   109        SH:  8    Dex: 15    Spells: 3/3 levels left

rFire   . . .      SeeInvis .   a - +0 war axe
rCold   . . .      Faith    .   c - +0 kite shield
rNeg    . . .      Spirit   .   b - +0 robe
rPois   .          Reflect  .   (helmet restricted)
rElec   .          Harm     .   (no cloak)
rCorr   .          Rampage  .   (gloves unavailable)
Will    .....                   (boots unavailable)
Stlth   +.........              k - amulet of the acrobat
HPRegen 0.94/turn               e - +6 ring of dexterity
MPRegen 0.08/turn               (no ring)

@: no status effects
A: large, unfitting armour, claws 3, regeneration 1, shaggy fur 1, tough skin 1
a: Renounce Religion, Heroism


You were on level 3 of the Dungeon.
You worshipped Okawaru.
Okawaru was aware of your devotion.
You visited 1 branch of the dungeon, and saw 3 of its levels.

You collected 109 gold pieces.

Inventory:

Hand Weapons
 a - a +0 war axe (weapon)
 d - a +0 vorpal mace
Missiles
 h - 7 poisoned darts (quivered)
Armour
 b - a +0 robe (worn)
 c - a +0 kite shield (worn)
Jewellery
 e - a +6 ring of dexterity (left claw)
 k - an amulet of the acrobat (around neck)
Wands
 n - a wand of flame (4)
Scrolls
 g - a scroll of identify {unknown}
 i - a scroll of fog {unknown}
 j - a scroll of enchant weapon {unknown}
 l - a scroll of fear {unknown}
Potions
 f - a potion of lignification {unknown}
 m - a potion of curing {unknown}
 o - 2 potions of might


   Skills:
 + Level 2.9 Fighting
 + Level 2.7 Axes
 + Level 2.8 Dodging
 + Level 0.1 Stealth
 + Level 3.0 Shields


You had 3 spell levels left.
You didn't know any spells.
Your spell library contained the following spells:

 Spells                   Type           Power      Damage    Failure   Level
 Shock                    Conj/Air       0%         1d3       80%         1
 Ensorcelled Hibernation  Hex/Ice        0%         N/A       90%         2
 Spider Form              Tmut/Pois      0%         N/A       99%         3
 Swiftness                Air            0%         N/A       99%         3
 Airstrike                Air            0%         2d(0-16)  100%        4
 Anguish                  Hex/Necr       0%         N/A       100%        4
 Storm Form               Tmut/Air       0%         N/A       100%        7
 Maxwell's Capacitive Co  Air            0%         ∞         100%        8
 Summon Lightning Spire   Summ/Air       Unusable   N/A       N/A         4

Dungeon Overview and Level Annotations

Branches:
Dungeon (3/15)

Altars:
Okawaru


Innate Abilities, Weirdness & Mutations

You are too large for most types of armour.
You have claws for hands.
Your natural rate of healing is unusually fast.
You are covered in fur. (AC +1)
You have tough skin. (AC +1)


Message History

You block the kobold's attack.
You slash the kobold!
You kill the kobold!
Okawaru accepts your kill.
You slash the rat!
You kill the rat!
Okawaru accepts your kill. The iguana bites you!
You slash the iguana!
The iguana is heavily wounded.
The iguana bites you!
You barely miss the iguana.
The iguana is heavily wounded.
The iguana bites you!
You hit the iguana.
The iguana is severely wounded.
The iguana barely misses you. The iguana closely misses you.
You hit the iguana but do no damage.
The iguana is heavily wounded.
The iguana completely misses you. You block the iguana's attack.
You barely miss the iguana.
The iguana is heavily wounded.
The iguana bites you!
* * * LOW HITPOINT WARNING * * *
You hit the iguana.
The iguana is almost dead.
The iguana hisses menacingly.
The iguana bites you.
* * * LOW HITPOINT WARNING * * *
You block the iguana's attack.
You closely miss the iguana.
The iguana is almost dead.
The iguana closely misses you.
You closely miss the iguana.
The iguana is almost dead.
The iguana closely misses you.
You closely miss the iguana.
The iguana is almost dead.
You block the iguana's attack. The iguana bites you!
You die...

....#####.# ..........#
#..... ...########
...... ...## #####......
#...# #.......... ....#
#.......... #...#
#.......... #...# #####
#...)......
#...####...###..@l..#
#..............#.##.....
#....###..........# ...
.............#<##.# .
.............#......
.....†.........##.#...
#.........#.##.# .#...
#...#######.......# ..
#...# ####.###


You could see an iguana.

Vanquished Creatures
  Ijyb (D:3)
  3 adders
  2 worms
  4 endoplasms
  3 goblins
  3 hobgoblins
  4 quokkas
  A ball python (D:3)
  5 bats
  A frilled lizard (D:1)
  4 kobolds
  2 rats
33 creatures vanquished.

Notes
Turn   | Place    | Note
-------+----------+-------------------------------------------
     0 | D:1      | Sabo the Troll Fighter began the quest for the Orb.
     0 | D:1      | Reached XP level 1. HP: 22/22 MP: 0/0
   119 | D:1      | Found a faded altar of an unknown god.
   144 | D:1      | Reached XP level 2. HP: 29/29 MP: 1/1
   150 | D:1      | Prayed at the altar of an unknown god.
   150 | D:1      | Became a worshipper of Warmaster Okawaru
   150 | D:1      | Reached * piety under Okawaru
   619 | D:2      | HP: 1/29 [worm (5)]
   622 | D:2      | Reached XP level 3. HP: 2/36 MP: 2/2
   772 | D:2      | Reached skill level 3 in Shields
  1195 | D:3      | Noticed Ijyb
  1229 | D:3      | Killed Ijyb
  1230 | D:3      | Reached XP level 4. HP: 17/44 MP: 0/3
  1352 | D:3      | Slain by an iguana

Illustrated notes

Levels and vault maps discovered:
D:1:      dpeg_arrival_rhombi, layout_basic,
          shapermc_ecumenical_altar_starsandcircs
D:2:      layout_rooms
D:3:      layout_loops_cross, mainiacjoe_overflow_catwalk, uniq_ijyb,
          uniq_terence

Skill      XL: |  1  2  3 |
---------------+----------+-----
Shields        | 3 |  3.0
Axes           | 2 |  2.7
Fighting       | |  2.9
Dodging        | |  2.8
Stealth        | |  0.1

Action                   |  1- 3 |  4- 6 || total
-------------------------+-------+-------++-------
Melee: War axe           |    64 |    17 ||    81
Invok: Heroism           |     1 |       ||     1
  Use: Potion            |     1 |       ||     1
 Stab: Sleeping          |     1 |       ||     1
Armor: Robe              |    31 |     1 ||    32
Dodge: Dodged            |    32 |     9 ||    41
Block: Kite shield       |    37 |     7 ||    44
